 Dungeon Crawl Stone Soup version 0.25.0-37-gb73750e0fb (console) character file.

Game seed: 9548996396325348925

9841 Colgate the Frost Mage (level 11, -4/81 HPs)
             Began as a Gnoll Ice Elementalist on July 8, 2020.
             Was a High Priest of Cheibriados.
             Engulfed by a cloud of flame (24 damage)
             ... on level 11 of the Dungeon on July 9, 2020.
             The game lasted 02:57:26 (10381 turns).

Colgate the Frost Mage (Gnoll Ice Elementalist)    Turns: 10381, Time: 02:57:34

Health: -4/81      AC: 16    Str: 25    XL:     11   Next: 52%
Magic:  28/32      EV: 23    Int: 31    God:    Cheibriados [*****.]
Gold:   233        SH:  0    Dex: 30    Spells: 5/26 levels left

rFire    . . .     SeeInvis .   e - +2 dire flail (vorpal)
rCold    . . .     Gourm    .   (shield currently unavailable)
rNeg     . . .     Faith    .   T - +4 ring mail
rPois    .         Spirit   .   (no helmet)
rElec    .         Reflect  .   b - +0 cloak
rCorr    .         Harm     .   Y - +0 pair of gloves
MR       .....                  (no boots)
Stlth    ++++......             l - amulet of Efea {Acrobat MP+9}
HPRegen  0.23/turn              u - +4 ring of evasion
MPRegen  0.23/turn              Z - +4 ring of protection

@: very slow
A: distributed training, fangs 1, strong nose
a: Bend Time, Temporal Distortion, Slouch, Step From Time, Renounce Religion


You were on level 11 of the Dungeon.
You worshipped Cheibriados.
Cheibriados was extremely pleased with you.
You were hungry.

You visited 1 branch of the dungeon, and saw 11 of its levels.

You collected 596 gold pieces.
You spent 363 gold pieces at shops.

Inventory:

Hand Weapons
 e - a +2 vorpal dire flail (weapon)
 y - a +1 hunting sling of freezing
 C - a +4 spear of flaming
 F - a +3 dagger of venom
 H - a +1 falchion of flaming
 U - a +0 shortbow
 X - a +2 war axe of freezing
Missiles
 g - 4 curare-tipped darts
 m - 87 arrows
 n - 275 stones
 w - 4 silver javelins
 x - 16 poisoned darts
 A - 8 boomerangs (quivered)
 D - 188 bolts
 L - 18 sling bullets
 Q - a throwing net
Armour
 b - a +0 cloak (worn)
 I - a +2 robe of the Archmagi
 K - a +4 scale mail
 N - the +1 leather armour of Ussakuar {rF- rN+ MR+}
   (You found it on level 8 of the Dungeon)

   It makes you vulnerable to fire.
   It protects you from negative energy.
   It affects your resistance to hostile enchantments.
 T - a +4 ring mail (worn)
 Y - a +0 pair of gloves (worn)
Magical Staves
 B - an uncursed staff of death
Jewellery
 l - the amulet of Efea (around neck) {Acrobat MP+9}
   (You bought it in a shop on level 11 of the Dungeon)

   [amulet of the acrobat]

   It helps you evade while moving and waiting.
   It affects your magic capacity (+9).
 u - a +4 ring of evasion (left hand)
 Z - a +4 ring of protection (right hand)
Wands
 q - a wand of acid (13)
 z - a wand of flame (53)
 E - a wand of iceblast (15)
 V - a wand of polymorph (10)
Scrolls
 a - 4 scrolls of remove curse
 f - a scroll of magic mapping
 s - a scroll of enchant weapon
 M - 2 scrolls of fog
 O - 5 scrolls of teleportation
 P - a scroll of blinking
 S - 2 scrolls of fear
Potions
 d - 6 potions of brilliance
 h - 4 potions of heal wounds
 i - 7 potions of curing
 j - 4 potions of mutation
 k - 2 potions of resistance
 o - 4 potions of might
 p - 2 potions of ambrosia
 r - a potion of lignification {unknown}
 t - 2 potions of stabbing
 v - 2 potions of degeneration {unknown}
 G - 3 potions of invisibility {unknown}
 J - 2 potions of magic {unknown}
 R - 2 potions of flight {unknown}
Comestibles
 c - 26 rations


   Skills:
 + Level 6.2 Fighting
 + Level 6.2 Short Blades
 + Level 6.2 Long Blades
 + Level 6.2 Axes
 + Level 6.2 Maces & Flails
 + Level 6.2 Polearms
 + Level 6.2 Staves
 + Level 6.2 Slings
 + Level 6.2 Bows
 + Level 6.2 Crossbows
 + Level 6.2 Throwing
 + Level 6.2 Armour
 + Level 7.8 Dodging
 + Level 7.6 Stealth
 + Level 6.2 Shields
 + Level 6.2 Unarmed Combat
 + Level 8.1 Spellcasting
 + Level 5.2 Conjurations
 + Level 5.2 Hexes
 + Level 5.2 Charms
 + Level 5.2 Summonings
 + Level 5.2 Necromancy
 + Level 5.2 Translocations
 + Level 5.2 Transmutations
 + Level 5.2 Fire Magic
 + Level 8.9 Ice Magic
 + Level 5.2 Air Magic
 + Level 5.2 Earth Magic
 + Level 5.2 Poison Magic
 + Level 6.9 Invocations
 + Level 6.2 Evocations


You had 5 spell levels left.
You knew the following spells:

 Your Spells              Type           Power        Failure   Level  Hunger
a - Freeze                Ice            ####         1%          1    None
b - Frozen Ramparts       Ice            ######       1%          3    None
c - Animate Skeleton      Necr           N/A          1%          1    None
d - Animate Dead          Necr           N/A          7%          4    None
e - Hailstorm             Conj/Ice       ######..     3%          4    None
f - Summon Ice Beast      Ice/Summ       ######..     3%          4    None
g - Cause Fear            Hex            #####.....   7%          4    None

Your spell library contained the following spells:

 Spells                   Type           Power        Failure   Level  Hunger
 Corona                   Hex            #####..      1%          1    None
 Pain                     Necr           ####         1%          1    None
 Slow                     Hex            #####...     1%          2    None
 Inner Flame              Hex/Fire       #####...     1%          3    None
 Ozocubu's Armour         Chrm/Ice       ######..     1%          3    None
 Portal Projectile        Hex/Tloc       #####.       1%          3    None
 Vampiric Draining        Necr           #####.....   1%          3    None
 Leda's Liquefaction      Hex/Erth       #####.....   7%          4    None
 Agony                    Necr           #####...     19%         5    ####...


Dungeon Overview and Level Annotations

Branches:
Dungeon (11/15)            Temple (0/1) D:4
   Lair: D:8-11         Orc: D:9-12

Altars:
Ashenzari
Cheibriados
Hepliaklqana
Makhleb
Sif Muna
Wu Jian
Xom
Yredelemnul

Shops:
D:4 ?   D:11 [*

Annotations:
D:11 Erica


Innate Abilities, Weirdness & Mutations

Your experience applies equally to all skills.
You have very sharp teeth.
Your uncanny sense of smell can sniff out nearby items.


Message History

A very large slime creature splits.
You barely miss the large slime creature.
Flame seeps out of the large slime creature.
You bite the large slime creature.
The large slime creature is almost dead.
The large slime creature is engulfed in blazing flames.
Flame seeps out of the large slime creature.
The large slime creature hits you but does no damage.
The slime creature hits you but does no damage.
You puncture the large slime creature!
The large slime creature explodes!
The fiery explosion engulfs the slime creature!
The slime creature explodes!
The fiery explosion engulfs you!!
Cheibriados appreciates the change of pace.
The fiery explosion engulfs you!!!
* * * LOW HITPOINT WARNING * * *
Cheibriados appreciates the change of pace.
You are engulfed in blazing flames.
You die...

##### ######## ###.).#
#...#..## #.....##
........######......##
...##.8.8.8.......[).#
.....<.⌠.⌠...........##
#.....8.∩.8....§§§#...#
.......⌠.⌠.....#§#§...##
).....8.8.8#...§@○§....#
.).........##...####...#
.........<.......#
#....#
...#.....#........ .....
.........#........
...... .........##.....
...... ................
... #...............
#...#........
#...#........
#...#....[...


There were no monsters in sight!

Vanquished Creatures
  3 two-headed ogres
  An unseen horror (D:10)
  An ugly thing (D:9)
  A troll (D:11)
  A hornet (D:10)
  3 slime creatures (D:11)
  A hippogriff (D:10)
  A wyvern (D:10)
  Sigmund (D:5)
  3 chaos spawn (D:10)
  Edmund (D:5)
  A water moccasin (D:10)
  4 orc warriors
  A phantom (D:9)
  2 ice beasts
  A sky beast (D:8)
  2 centaurs
  3 ogres
  3 big kobolds
  5 bullfrogs
  A wyvern zombie (D:6)
  A wyvern skeleton (D:11)
  3 scorpions
  11 killer bees
  7 wights
  A howler monkey (D:4)
  2 bullfrog zombies
  5 crimson imps
  3 centaur zombies
  3 jellies
  A bullfrog skeleton (D:4)
  5 orc priests
  2 hounds
  8 orc wizards
  Jessica (D:3)
  An iguana (D:7)
  Natasha (thrice) (D:3)
  8 worker ants
  2 hound skeletons
  A worker ant zombie (D:9)
  A howler monkey zombie (D:7)
  9 adders
  A shadow imp (D:6)
  An ooze (D:2)
  5 worms
  An adder skeleton (D:4)
  4 dart slugs
  A leopard gecko (D:10)
  44 orcs
  2 giant cockroaches
  13 goblins
  8 hobgoblins
  22 kobolds
  6 quokkas
  8 bats
  4 frilled lizards
  2 gnoll zombies (D:5)
  A jackal zombie (D:5)
  A leopard gecko skeleton (D:8)
  10 rats
252 creatures vanquished.

Vanquished Creatures (collateral kills)
  An orc priest (D:7)
  A worker ant (D:7)
  A shadow imp (D:8)
  An orc (D:7)
  2 kobolds (D:7)
6 creatures vanquished.

Grand Total: 258 creatures vanquished

Notes
Turn   | Place    | Note
-------+----------+-------------------------------------------
     0 | D:1      | Colgate the Gnoll Ice Elementalist began the quest for the
                  | Orb.
     0 | D:1      | Reached XP level 1. HP: 13/13 MP: 6/6
     6 | D:1      | Noticed a wyvern
     6 | D:1      | Noticed a black mamba
     6 | D:1      | Noticed a hog
   214 | D:1      | Reached XP level 2. HP: 16/19 MP: 4/7
   854 | D:1      | Reached XP level 3. HP: 25/25 MP: 7/9
   881 | D:1      | Learned a level 3 spell: Frozen Ramparts
   907 | D:2      | Reached skill level 5 in Spellcasting
   965 | D:2      | Noticed a scorpion
   968 | D:2      | Reached skill level 1 in Invocations
   982 | D:2      | Killed a scorpion
   982 | D:2      | Reached skill level 1 in Fighting
   982 | D:2      | Reached skill level 1 in Short Blades
   982 | D:2      | Reached skill level 1 in Long Blades
   982 | D:2      | Reached skill level 1 in Axes
   982 | D:2      | Reached skill level 1 in Maces & Flails
   982 | D:2      | Reached skill level 1 in Polearms
   982 | D:2      | Reached skill level 1 in Staves
   982 | D:2      | Reached skill level 1 in Slings
   982 | D:2      | Reached skill level 1 in Bows
   982 | D:2      | Reached skill level 1 in Crossbows
   982 | D:2      | Reached skill level 1 in Throwing
   982 | D:2      | Reached skill level 1 in Armour
   982 | D:2      | Reached skill level 1 in Shields
   982 | D:2      | Reached skill level 1 in Unarmed Combat
   982 | D:2      | Reached skill level 1 in Conjurations
   982 | D:2      | Reached skill level 1 in Hexes
   982 | D:2      | Reached skill level 1 in Charms
   982 | D:2      | Reached skill level 1 in Summonings
   982 | D:2      | Reached skill level 1 in Necromancy
   982 | D:2      | Reached skill level 1 in Translocations
   982 | D:2      | Reached skill level 1 in Transmutations
   982 | D:2      | Reached skill level 1 in Fire Magic
   982 | D:2      | Reached skill level 1 in Air Magic
   982 | D:2      | Reached skill level 1 in Earth Magic
   982 | D:2      | Reached skill level 1 in Poison Magic
   982 | D:2      | Reached skill level 1 in Evocations
   982 | D:2      | Reached XP level 4. HP: 18/32 MP: 3/11
  1463 | D:2      | Reached XP level 5. HP: 37/37 MP: 7/12
  2191 | D:3      | Noticed Jessica
  2204 | D:3      | Killed Jessica
  2204 | D:3      | Reached XP level 6. HP: 44/44 MP: 10/13
  2517 | D:3      | Reached skill level 5 in Dodging
  2707 | D:3      | Found a faded altar of an unknown god.
  2707 | D:3      | Found a shattered altar of Ashenzari.
  2712 | D:3      | Found a shimmering blue altar of Sif Muna.
  2714 | D:3      | Found a faded altar of an unknown god.
  2715 | D:3      | Found a snail-covered altar of Cheibriados.
  2718 | D:3      | Became a worshipper of Cheibriados the Contemplative
  2897 | D:3      | Noticed Natasha
  2900 | D:3      | Killed Natasha
  2933 | D:3      | Found a burning altar of Makhleb.
  3010 | D:3      | Noticed Natasha
  3017 | D:3      | Killed Natasha
  3082 | D:3      | Noticed Natasha
  3092 | D:3      | Killed Natasha
  3092 | D:3      | Reached XP level 7. HP: 17/50 MP: 11/15
  3714 | D:4      | You fall into a shaft and drop 1 floor!
  3714 | D:5      | Entered Level 5 of the Dungeon
  3841 | D:4      | Reached * piety under Cheibriados
  3973 | D:4      | Found a hazy altar of Hepliaklqana.
  4028 | D:4      | Found Adirghiat's Magic Scroll Shop.
  4031 | D:4      | Bought a scroll of fog for 24 gold pieces
  4031 | D:4      | Bought a scroll of random uselessness for 12 gold pieces
  4031 | D:4      | Bought a scroll of teleportation for 36 gold pieces
  4031 | D:4      | Bought a scroll of blinking for 90 gold pieces
  4031 | D:4      | Bought a scroll of remove curse for 36 gold pieces
  4155 | D:4      | Found a staircase to the Ecumenical Temple.
  4165 | D:4      | Reached skill level 5 in Stealth
  4462 | D:5      | Noticed Edmund
  4477 | D:5      | Killed Edmund
  4477 | D:5      | Reached XP level 8. HP: 56/57 MP: 14/16
  4853 | D:5      | Found a basalt altar of Yredelemnul.
  4931 | D:5      | Noticed Sigmund
  4955 | D:5      | Killed Sigmund
  5600 | D:6      | Reached ** piety under Cheibriados
  5751 | D:6      | Found a shimmering altar of Xom.
  6003 | D:7      | Learned a level 1 spell: Animate Skeleton
  6005 | D:7      | Learned a level 1 spell: Pain
  6020 | D:7      | Reached XP level 9. HP: 52/65 MP: 14/18
  6383 | D:7      | Learned a level 4 spell: Hailstorm
  6388 | D:7      | Learned a level 4 spell: Summon Ice Beast
  6653 | D:7      | Reached *** piety under Cheibriados
  7136 | D:8      | Found an ornate altar of the Wu Jian Council.
  7182 | D:8      | Noticed a two-headed ogre
  7191 | D:8      | Killed a two-headed ogre
  7191 | D:8      | Reached skill level 5 in Invocations
  7324 | D:8      | Reached **** piety under Cheibriados
  7324 | D:8      | Reached XP level 10. HP: 64/73 MP: 16/20
  7504 | D:8      | Got a smoking leather armour
  7515 | D:8      | Identified the +1 leather armour of Ussakuar {rF- rN+ MR+}
                  | (You found it on level 8 of the Dungeon)
  7604 | D:8      | Noticed a six-headed hydra
  7605 | D:8      | Found the +9 scales of the Dragon King {rPois rF+ rC+ MR+}
  7605 | D:8      | Found the +3 robe of Clouds {+Thunder rCloud rElec}
  7606 | D:8      | Noticed a centaur warrior
  8343 | D:9      | Learned a level 4 spell: Animate Dead
  8348 | D:9      | Learned a level 4 spell: Cause Fear
  8546 | D:9      | Reached skill level 5 in Fighting
  8546 | D:9      | Reached skill level 5 in Short Blades
  8546 | D:9      | Reached skill level 5 in Long Blades
  8546 | D:9      | Reached skill level 5 in Axes
  8546 | D:9      | Reached skill level 5 in Maces & Flails
  8546 | D:9      | Reached skill level 5 in Polearms
  8546 | D:9      | Reached skill level 5 in Staves
  8546 | D:9      | Reached skill level 5 in Slings
  8546 | D:9      | Reached skill level 5 in Bows
  8546 | D:9      | Reached skill level 5 in Crossbows
  8546 | D:9      | Reached skill level 5 in Throwing
  8546 | D:9      | Reached skill level 5 in Armour
  8546 | D:9      | Reached skill level 5 in Shields
  8546 | D:9      | Reached skill level 5 in Unarmed Combat
  8546 | D:9      | Reached skill level 5 in Evocations
  8610 | D:9      | Noticed a two-headed ogre
  8615 | D:9      | Killed a two-headed ogre
  8714 | D:9      | Noticed a two-headed ogre
  8725 | D:9      | Killed a two-headed ogre
  8944 | D:9      | Noticed a red ugly thing
  8954 | D:9      | Killed a red ugly thing
  9129 | D:10     | Entered Level 10 of the Dungeon
  9171 | D:10     | Reached ***** piety under Cheibriados
  9220 | D:10     | Reached XP level 11. HP: 81/81 MP: 22/22
  9373 | D:10     | Found the +7 mace of Variability {chain chaos}
  9395 | D:10     | Found a shimmering altar of Xom.
  9401 | D:10     | Killed an unseen horror
  9788 | D:10     | Reached skill level 5 in Conjurations
  9788 | D:10     | Reached skill level 5 in Hexes
  9788 | D:10     | Reached skill level 5 in Charms
  9788 | D:10     | Reached skill level 5 in Summonings
  9788 | D:10     | Reached skill level 5 in Necromancy
  9788 | D:10     | Reached skill level 5 in Translocations
  9788 | D:10     | Reached skill level 5 in Transmutations
  9788 | D:10     | Reached skill level 5 in Fire Magic
  9788 | D:10     | Reached skill level 5 in Air Magic
  9788 | D:10     | Reached skill level 5 in Earth Magic
  9788 | D:10     | Reached skill level 5 in Poison Magic
 10128 | D:11     | Noticed Erica
 10303 | D:11     | Found Dokyac's Antique Armour Shoppe.
 10337 | D:11     | Found Cuicetigg's Assorted Antiques.
 10360 | D:11     | Bought a bound graven amulet for 165 gold pieces
 10360 | D:11     | Identified the amulet of Efea {Acrobat MP+9} (You bought it
                  | in a shop on level 11 of the Dungeon)
 10381 | D:11     | Engulfed by a cloud of flame

Illustrated notes

Levels and vault maps discovered:
D:1:      onia_arrival_zoo_common, layout_loops_ring
D:2:      kennysheep_big_flooded_room, layout_basic, minmay_tetromino_o4
D:3:      layout_loops_ring, lemuel_coloured_pillars_altar,
          chequers_temple_overflow_minitemple, first_ration, uniq_jessica,
          uniq_natasha
D:4:      layout_basic, marbit_many_paths, minmay_temple_entry_glass,
          serial_shops, kennysheep_mini_moat, dk_noncrumbling_2,
          serial_bayou_pond_e
D:5:      layout_gridville, lemuel_zombie_altar_yredelemnul, uniq_sigmund,
          uniq_edmund
D:6:      layout_rooms, overflow_temple_1_default
D:7:      layout_basic
D:8:      layout_basic, kennysheep_mini, grunt_ogre_cave,
          small_statue_intersection, minivault_12
D:9:      layout_roguey
D:10:     layout_basic, minmay_guarded_unrand_variability
D:11:     layout_cave_pools, erik_lair_orcish_takeover, serial_shops, shop,
          shop, nicolae_shop_temple_entry_statues_fountains, shop,
          nicolae_shop_behind_doors, minmay_curled_crystal, kennysheep_nub,
          uniq_erica

Skill      XL: |  1  2  3  4  5  6  7  8  9 10 11 |
---------------+----------------------------------+-----
Spellcasting   | 5 6 7 8 |  8.1
Invocations    | 1 2 3 4 5 6 |  6.9
Fighting       | 1 2 3 4 5 6 |  6.2
Short Blades   | 1 2 3 4 5 6 |  6.2
Long Blades    | 1 2 3 4 5 6 |  6.2
Axes           | 1 2 3 4 5 6 |  6.2
Maces & Flails | 1 2 3 4 5 6 |  6.2
Polearms       | 1 2 3 4 5 6 |  6.2
Staves         | 1 2 3 4 5 6 |  6.2
Slings         | 1 2 3 4 5 6 |  6.2
Bows           | 1 2 3 4 5 6 |  6.2
Crossbows      | 1 2 3 4 5 6 |  6.2
Throwing       | 1 2 3 4 5 6 |  6.2
Armour         | 1 2 3 4 5 6 |  6.2
Shields        | 1 2 3 4 5 6 |  6.2
Unarmed Combat | 1 2 3 4 5 6 |  6.2
Conjurations   | 1 2 3 4 5 |  5.2
Hexes          | 1 2 3 4 5 |  5.2
Charms         | 1 2 3 4 5 |  5.2
Summonings     | 1 2 3 4 5 |  5.2
Necromancy     | 1 2 3 4 5 |  5.2
Translocations | 1 2 3 4 5 |  5.2
Transmutations | 1 2 3 4 5 |  5.2
Fire Magic     | 1 2 3 4 5 |  5.2
Air Magic      | 1 2 3 4 5 |  5.2
Earth Magic    | 1 2 3 4 5 |  5.2
Poison Magic   | 1 2 3 4 5 |  5.2
Evocations     | 1 2 3 4 5 6 |  6.2
Dodging        | 5 6 7 |  7.8
Stealth        | 5 6 7 |  7.6
Ice Magic      | 8 |  8.9

Action                   |  1- 3 |  4- 6 |  7- 9 | 10-12 || total
-------------------------+-------+-------+-------+-------++-------
Melee: Club              |     2 |       |       |       ||     2
       Unarmed           |     1 |       |       |       ||     1
       Dagger            |    14 |     4 |    10 |    19 ||    47
       Bite              |     1 |     2 |    18 |    19 ||    40
       Rapier            |       |    19 |    25 |       ||    44
       Falchion          |       |       |    48 |     7 ||    55
       Dire flail        |       |       |    40 |    80 ||   120
       Spear             |       |       |    26 |       ||    26
       Punch             |       |       |     2 |     1 ||     3
       War axe           |       |       |     5 |       ||     5
       Staff             |       |       |       |     1 ||     1
 Fire: Hunting sling     |       |       |    25 |    54 ||    79
Throw: Stone             |     5 |    24 |       |     4 ||    33
       Boomerang         |       |    14 |    52 |    24 ||    90
       Dart              |       |    14 |    36 |    18 ||    68
 Cast: Freeze            |    21 |    18 |    24 |    15 ||    78
       Frozen Ramparts   |     3 |    11 |    16 |     4 ||    34
       Pain              |       |       |     1 |       ||     1
       Animate Skeleton  |       |       |    15 |     6 ||    21
       Summon Ice Beast  |       |       |     1 |     1 ||     2
       Hailstorm         |       |       |       |     9 ||     9
       Animate Dead      |       |       |       |     3 ||     3
Evoke: Wand              |       |       |       |     3 ||     3
  Use: Scroll            |       |     2 |     9 |     5 ||    16
 Stab: Sleeping          |    10 |     7 |     9 |    11 ||    37
       Distracted        |       |       |     1 |       ||     1
  Eat: Chunk             |       |     8 |     8 |     4 ||    20
Armor: Robe              |     3 |       |       |       ||     3
       Ring mail         |       |     5 |    15 |    28 ||    48
       Scale mail        |       |       |    23 |       ||    23
Dodge: Dodged            |    25 |    30 |   141 |    96 ||   292
       Rpst.: Falchion   |       |       |    16 |     1 ||    17
